 Dungeon Crawl Stone Soup version 0.29-a0-541-gaf1fc19f1b (webtiles) character file.

Game seed: 16547688768791798630

391 IdlyInterested the Prestidigitator (level 6, 0/46 HPs)
             Began as a Demonspawn Gladiator on June 2, 2022.
             Slain by an orc wizard
             ... wielding a +2 dagger of venom
              (2 damage)
             ... on level 4 of the Dungeon.
             The game lasted 00:12:21 (3821 turns).

IdlyInterested the Prestidigitator (DsGl)           Turns: 3821, Time: 00:12:22

Health: 0/46       AC: 12    Str: 16    XL:     6   Next: 50%
Magic:  6/6        EV:  8    Int:  9    God:
Gold:   250        SH:  0    Dex: 15    Spells: 5/5 levels left

rFire   . . .      SeeInvis .   a - +0 quarterstaff (chaos)
rCold   . . .      Faith    .   (shield currently unavailable)
rNeg    . . .      Spirit   .   h - +0 chain mail
rPois   +          Reflect  .   l - +1 helmet
rElec   .          Harm     .   (no cloak)
rCorr   .          Rampage  .   (no gloves)
Will    .....                   q - +0 pair of boots
Stlth   ..........              (no amulet)
HPRegen 0.15/turn               n - ring of poison resistance
MPRegen 0.10/turn               (no ring)

@: confused, lethally poisoned (0 -> -10), ambrosia-drunk
A: foul stench 1, sharp scales 1, condensation shield
a: no special abilities


You were on level 4 of the Dungeon.
You visited 1 branch of the dungeon, and saw 4 of its levels.

You collected 250 gold pieces.

Inventory:

Hand Weapons
 a - a +0 quarterstaff of chaos (weapon)
Missiles
 d - 3 throwing nets
 e - 4 javelins
 f - 14 poisoned darts (quivered)
 i - 47 stones
 m - 7 boomerangs
Armour
 h - a +0 chain mail (worn)
 l - a +1 helmet (worn)
 q - a +0 pair of boots (worn)
Jewellery
 n - a ring of poison resistance (left hand)
Potions
 g - a potion of brilliance
 j - a potion of might
 k - a potion of invisibility
 t - a potion of haste


   Skills:
 + Level 2.5 Fighting
 + Level 3.4 Staves
 - Level 1.7 Throwing
 + Level 1.1 Armour
 * Level 4.0 Dodging
 - Level 1.0 Stealth
 - Level 1.0 Invocations
 - Level 12.0 Evocations


You had 5 spell levels left.
You didn't know any spells.
Your spell library was empty.

Dungeon Overview and Level Annotations

Branches:
Dungeon (4/15)
 Temple: D:4-7

Altars:
Dithmenos
Elyvilon
Kikubaaqudgha
Yredelemnul
The Shining One


Innate Abilities, Weirdness & Mutations

You may rarely emit foul miasma when damaged in melee.
You are partially covered in razor-sharp scales. (AC +1, Slay +1)
A meltable shield of frost defends you. (SH +0)


Message History

The orc wizard hits you with a +0 dagger.
Something hits you but does no damage.
The orc wizard hits you with a +2 dagger of venom.
You are lethally poisoned!
The hobgoblin closely misses you.
You are confused.
You feel invigorated.
* * * LOW HITPOINT WARNING * * *
You feel very sick.
The orc wizard points at you and mumbles some strange words.
The puff of flame hits you!
* * * LOW HITPOINT WARNING * * *
The orc wizard hits you with a +2 dagger of venom.
* * * LOW HITPOINT WARNING * * *
You are more poisoned.
Something hits you but does no damage.
The hobgoblin hits you but does no damage.
The hobgoblin attacks as you move away!
The hobgoblin hits you but does no damage.
* * * LOW HITPOINT WARNING * * *
You feel very sick. The orc wizard casts a spell at you.
You are more confused.
Unknown command.
* * * LOW HITPOINT WARNING * * *
You feel very sick.
Unknown command.
You barely miss the orc wizard.
The orc wizard is heavily wounded.
* * * LOW HITPOINT WARNING * * *
You feel very sick.
The orc wizard casts a spell.
The orc wizard flickers and vanishes!
Something hits you but does no damage.
The orc wizard hits you with a +0 dagger.
* * * LOW HITPOINT WARNING * * *
You emit a cloud of foul miasma!
* * * LOW HITPOINT WARNING * * *
You feel very sick. Something hits you.
You die...

#####.####.##....###..####'
#........#..#....#.........
.........#..'....#.........
........#..#....#.........
##......#..#....#.........
#.(....##..#....###.<#####
#....##..#......#..##.#
.##....{...#......#.....#
_.......o{@.#......#.....#
..##.....g..#......#.....#
#........#......#.....#
#...##.##..#......##..###
##.. ####..#.......#..####
... ...#.......#...'.. ...
...#.......#...#.. ...#
#...#.. #...#..


You could see an orc wizard (poisoned) and a hobgoblin.

Vanquished Creatures
  A jelly (D:4)
  An orc wizard (D:3)
  Robin (D:2)
  A gnoll (D:1)
  2 adders (D:2)
  5 worms
  2 dart slugs (D:3)
  5 orcs (D:3)
  3 endoplasms
  4 giant cockroaches
  16 goblins
  8 hobgoblins
  10 jackals
  3 kobolds
  5 quokkas
  8 ball pythons
  7 bats
  6 frilled lizards
  8 rats
96 creatures vanquished.

Notes
Turn   | Place    | Note
-------+----------+-------------------------------------------
     0 | D:1      | IdlyInterested the Demonspawn Gladiator began the quest for
                  | the Orb.
     0 | D:1      | Reached XP level 1. HP: 16/16 MP: 1/1
    78 | D:1      | Gained mutation: You may rarely emit foul miasma when
                  | damaged in melee. [demonic ancestry]
    78 | D:1      | Reached XP level 2. HP: 16/22 MP: 2/2
   352 | D:1      | Found a faded altar of an unknown god.
   683 | D:1      | Reached skill level 1 in Evocations
   918 | D:1      | HP: 1/22 [gnoll/+0 flail (9)]
   920 | D:1      | Reached skill level 1 in Armour
   920 | D:1      | Reached XP level 3. HP: 2/27 MP: 3/3
  1708 | D:2      | Noticed Robin
  1719 | D:2      | Gained mutation: A meltable shield of frost defends you.
                  | (SH +0) [demonic ancestry]
  1719 | D:2      | Reached XP level 4. HP: 21/33 MP: 4/4
  1727 | D:2      | Killed Robin
  2093 | D:2      | Reached skill level 2 in Evocations
  2099 | D:2      | Reached skill level 1 in Stealth
  2741 | D:2      | Found a shadowy altar of Dithmenos.
  2921 | D:3      | Reached XP level 5. HP: 37/39 MP: 5/5
  2927 | D:3      | Reached skill level 1 in Invocations
  3463 | D:3      | Found a basalt altar of Yredelemnul.
  3465 | D:3      | Noticed a profane servitor
  3486 | D:3      | Noticed an angel
  3553 | D:3      | Reached skill level 12 in Evocations
  3553 | D:3      | Gained mutation: You are partially covered in razor-sharp
                  | scales. (AC +1, Slay +1) [demonic ancestry]
  3553 | D:3      | Reached XP level 6. HP: 46/46 MP: 6/6
  3807 | D:4      | Found an ancient bone altar of Kikubaaqudgha.
  3820 | D:4      | HP: 1/46 [orc wizard/+0 dagger (2)]
  3821 | D:4      | Slain by an orc wizard

Illustrated notes

Levels and vault maps discovered:
D:1:      dpeg_arrival_rooms_c, layout_loops_ring,
          shapermc_ecumenical_altar_petra, st_stairs_9
D:2:      layout_loops_cross, basic_altar, minmay_domino_4, uniq_robin
D:3:      layout_rooms, grunt_temple_overflow_holy_war,
          nicolae_elyvilon_peaceful_grove
D:4:      layout_gridville, mainiacjoe_overflow_small_starburst

Skill      XL: |  1  2  3  4  5  6 |
---------------+-------------------+-----
Dodging        | 3 4 |  4.0
Evocations     | 1 2 12 | 12.0
Staves         | 3 |  3.4
Armour         | 1 |  1.1
Stealth        | 1 |  1.0
Invocations    | 1 |  1.0
Fighting       | |  2.5
Throwing       | |  1.7

Action                   |  1- 3 |  4- 6 || total
-------------------------+-------+-------++-------
Melee: Quarterstaff      |   126 |   190 ||   316
Throw: Dart              |     1 |     8 ||     9
  Use: Scroll            |     3 |     6 ||     9
       Potion            |     2 |     7 ||     9
Armor: Leather armour    |     6 |       ||     6
       Chain mail        |    81 |    91 ||   172
Dodge: Dodged            |    58 |    58 ||   116
Block: Other             |       |    33 ||    33

Table legend: (Time is in decaauts)
 A = Elapsed time spent in this place.
 B = Non-inter-level travel time spent in this place.
 C = Inter-level travel time spent in this place.
 D = Time resting spent in this place.
 E = Time spent auto-exploring this place.
 F = Levels seen in this place.
 G = Mean time per level.
                   A        B        C        D        E       F      G
               +--------+--------+--------+--------+--------+-----+--------+
         Total |   3854 |   3798 |     56 |   1052 |   1856 |   4 |  963.5 |
       Dungeon |   3854 |   3798 |     56 |   1052 |   1856 |   4 |  963.5 |
               +--------+--------+--------+--------+--------+-----+--------+

Top non-repeatable levels by time:
     D:2: 1554 daAuts
     D:1: 1361 daAuts
     D:3: 703 daAuts
     D:4: 235 daAuts
